Map: Data-C

Players

RagnaroK (SHIN) - Winner!

  • Race: Zerg Zerg
  • League: Master
  • Spawn Location: 3:00

Bunny

  • Race: Terran Terran
  • League: Silver
  • Spawn Location: 9:00

VOD

Have the link to the VOD?

Description

Time

  • Played on: Oct. 20, 2022, 9:33 a.m.
  • Length: 3:46
Show
View Real Time Build Order
Export as new Build Order

RagnaroK Zerg - Winner!

Build Orders: Pool First 

Get SALT Encoding   

  12  0:00  Drone  
  13  0:12  Overlord  
  13  0:17  Drone  
  14  0:30  Drone x2  
  14  0:35  Drone  
  17  0:44  Extractor  
  17  0:45  Drone  
  17  0:50  Spawning Pool  
  17  0:55  Drone  
  17  1:07  Drone  
  18  1:18  Hatchery  
  18  1:22  Drone  
  18  1:36  Queen  
  18  1:37  Zergling x2  
  21  1:46  Metabolic Boost  
  21  1:51  Overlord  
  21  1:58  Drone  
  22  2:16  Hatchery  
  22  2:17  Drone  
  22  2:19  Drone  
  23  2:28  Queen  
  25  2:38  Zergling x6  
  28  2:45  Zergling x4  
  28  2:46  Zergling x2  
  28  2:49  Drone  
  32  2:56  Queen  
  34  3:01  Overlord  
  34  3:04  Drone  
  35  3:08  Drone  
  36  3:16  Overlord  
  37  3:20  Drone x3  
  37  3:26  Drone  
  39  3:28  Drone  
  39  3:29  Drone  
Show
View Real Time Build Order
Export as new Build Order

Bunny Terran 

Build Orders:  

Get SALT Encoding   

  12  0:00  SCV  
  13  0:12  SCV  
  14  0:17  Supply Depot  
  14  0:24  SCV  
  15  0:38  SCV  
  15  0:40  Barracks  
  16  0:42  Refinery  
  16  0:50  SCV  
  17  1:02  SCV  
  18  1:14  SCV  
  19  1:27  Orbital Command  
  19  1:32  Marine  
  20  1:40  Command Center  
  20  1:52  Factory  
  20  1:54  SCV  
  20  1:58  Marine  
  22  2:04  Refinery  
  22  2:07  SCV  
  23  2:19  Supply Depot  
  23  2:40  Starport  
  23  2:41  SCV, Hellion  
  26  2:52  Orbital Command  
  26  2:53  SCV  
  26  2:55  Marine  
  28  3:03  Factory Tech Lab  
  28  3:05  SCV  
  29  3:13  Marine  
  29  3:17  SCV  
  31  3:20  SCV  
  34  3:29  SCV  
Tags
 
Add a new tag
Caveats
  • Supply blocks, unpowered buildings, or Contaminate may cause inaccurate times.
  • Supply counts are checked every 10 seconds.